 Dungeon Crawl Stone Soup version 0.30.0-30-g96aa6591b8 (webtiles) character file.

Game seed: 9349514156969149214

39 booth the Conjurer (level 3, -2/23 (28) HPs)
             Began as a Demonspawn Reaver on June 28, 2023.
             Was a Follower of Dithmenos.
             Slain by an ogre
             ... wielding a +0 giant club
              (16 damage)
             ... on level 3 of the Dungeon.
             The game lasted 00:11:52 (1845 turns).

booth the Conjurer (Demonspawn Reaver)              Turns: 1845, Time: 00:11:52

HP:   -2/23 (28)    AC: 10    Str: 14    XL:     3   Next: 28%
MP:   0/6           EV: 11    Int: 14    God:    Dithmenos [*.....]
Gold: 154           SH:  0    Dex: 11    Spells: 3/6 levels left

rFire   . . .        a - +0 hand axe
rCold   . . .        (no shield)
rNeg    . . .        b - +2 leather armour
rPois   +            (no helmet)
rElec   .            i - +2 cloak {rCorr}
rCorr   +            (no gloves)
SInv    .            e - +1 pair of boots
Will    .....        g - amulet of guardian spirit
Stlth   +            f - ring of poison resistance
HPRegen 0.23/turn    (no ring)
MPRegen 0.10/turn

%: guardian spirit
@: wreathed by umbra, heavily drained
A: powered by pain 1, weakness stinger 1
a: Renounce Religion


You were on level 3 of the Dungeon.
You worshipped Dithmenos.
Dithmenos was aware of your devotion.
You visited 1 branch of the dungeon, and saw 3 of its levels.

You collected 154 gold pieces.

Inventory:

Hand Weapons
 a - a +0 hand axe (weapon)
 m - a +0 mace
Armour
 b - a +2 leather armour (worn)
 e - a +1 pair of boots (worn)
 i - a +2 cloak of preservation (worn)
Jewellery
 f - a ring of poison resistance (left hand)
 g - an amulet of guardian spirit (around neck)
Scrolls
 j - a scroll of teleportation
Potions
 c - a potion of attraction
 d - a potion of cancellation
 h - 2 potions of mutation
 k - a potion of magic {unknown}
 l - a potion of brilliance {unknown}


   Skills:
 + Level 2.3 Fighting
 * Level 3.1 Axes
 + Level 2.1 Dodging
 + Level 2.3 Spellcasting
 * Level 3.3 Conjurations


You had 3 spell levels left.
You knew the following spells:

 Your Spells              Type           Power      Damage    Failure   Level
a - Kiss of Death         Conj/Necr      24%        2d7       14%         1
b - Momentum Strike       Conj/Tloc      12%        3d8       22%         2

Your spell library contained the following spells:

 Spells                   Type           Power      Damage    Failure   Level
 Dazzling Flash           Conj/Hex       12%        N/A       41%         3
 Hailstorm                Conj/Ice       6%         3d4       41%         3
 Volatile Blastmotes      Fire/Tloc      2%         2d10      65%         3
 Iskenderun's Mystic Bla  Conj/Tloc      6%         2d4       82%         4
 Starburst                Conj/Fire      3%         6d3       100%        6


Dungeon Overview and Level Annotations

Branches:
Dungeon (3/15)

Altars:
Dithmenos

Annotations:
D:3 1 runed translucent door


Innate Abilities, Weirdness & Mutations

You sometimes gain a little power by taking damage.
You have a small tail.


Message History

The quokka is almost dead.
The quokka misses you. The quokka closely misses you.
You hit the quokka.
You kill the quokka!
Dithmenos accepts your kill.
You see here a quokka corpse.
You see here a giant cockroach corpse.
You now have 154 gold pieces (gained 18).
Found a stone staircase leading up.
You see here a giant cockroach corpse.
You see here a quokka corpse.
Found a stone staircase leading down.
There is a stone staircase leading down here.
An ogre comes into view. It is wielding a +0 giant club.
The ogre shouts!
The ogre misses you.
You hit the ogre but do no damage.
You tail-slap the ogre, but do no damage.
The ogre barely misses you.
You hit the ogre.
The ogre is lightly wounded.
The ogre barely misses you.
Cast which spell? (? or * to list)
Aiming: Kiss of Death (safe; 14% risk of failure)
Press: ? - help, Shift-Dir - straight line, f - ogre
Aim: an ogre, wielding a +0 giant club (lightly wounded, umbra, 100% to hit)
The negative energy hits the ogre!
The ogre is drained!
The ogre is heavily wounded.
You feel drained.
You hit the ogre.
The ogre is severely wounded.
The ogre barely misses you.
You hit the ogre but do no damage.
The ogre is severely wounded.
The ogre hits you with a +0 giant club!
You hit the ogre.
The ogre is almost dead.
The ogre hits you with a +0 giant club!!
Ouch! That really hurt!
You die...

#.# #.# #.#
#.# #.# #.#
#.# #.# #.#
#.# #.# #.#
#.# #.#
#######.# #.#
......O@# #.#
#######.####.#
#......#
#.###### #.#
#.# #.# #.#
#.#


You could see an ogre (drained).

Vanquished Creatures
  2 dart slugs
  5 ball pythons
  3 endoplasms
  A giant cockroach (D:3)
  7 goblins
  2 hobgoblins
  2 quokkas
  5 bats
  4 frilled lizards
  A kobold (D:1)
  3 rats
35 creatures vanquished.

Notes
Turn   | Place    | Note
-------+----------+-------------------------------------------
     0 | D:1      | booth the Demonspawn Reaver began the quest for the Orb.
     0 | D:1      | Reached XP level 1. HP: 16/16 MP: 3/3
   334 | D:1      | Discovered your monstrous ancestry.
   334 | D:1      | Gained mutation: You have a small tail. [demonic ancestry]
   334 | D:1      | Reached XP level 2. HP: 22/22 MP: 5/5
   338 | D:1      | Learned a level 2 spell: Momentum Strike
  1135 | D:2      | Gained mutation: You sometimes gain a little power by
                  | taking damage. [demonic ancestry]
  1135 | D:2      | Reached XP level 3. HP: 24/28 MP: 3/6
  1258 | D:2      | Found a faded altar of an unknown god.
  1268 | D:2      | Prayed at the altar of an unknown god.
  1268 | D:2      | Became a worshipper of Dithmenos the Shadowed
  1268 | D:2      | Reached * piety under Dithmenos
  1516 | D:3      | Found a runed translucent door.
  1838 | D:3      | Noticed an ogre
  1845 | D:3      | Slain by an ogre

Illustrated notes

Levels and vault maps discovered:
D:1:      wander_arrival_abandoned_jail, layout_loops_ring,
          kennysheep_flooded_box
D:2:      layout_rooms, dreamdust_ecumenical_altar_sealed_demon
D:3:      cheibrodos_thug_alley, layout_basic, lemuel_crystal_altar,
          nicolae_concentric_dashed_squares_wild, minmay_vboxes,
          uniq_crazy_yiuf_cottage

Skill      XL: |  1  2  3 |
---------------+----------+-----
Dodging        | 2 |  2.1
Axes           | 3 |  3.1
Fighting       | |  2.3
Spellcasting   | |  2.3
Conjurations   | |  3.3

Action                     || total
---------------------------++-------
  Melee: Hand axe          ||   139
         Tailslap          ||     7
   Cast: Kiss of Death     ||     1
    Use: Scroll            ||     9
         Potion            ||     2
 Armour: Leather armour    ||    40
  Dodge: Dodged            ||    84
